 Dungeon Crawl Stone Soup version 0.27-a0-1137-g3ef0f4ec91 (webtiles) character file.

Game seed: 6822408078682377056

28 kae the Slasher (level 2, -3/24 HPs)
             Began as a Demonspawn Abyssal Knight on May 6, 2021.
             Was a Follower of Lugonu.
             Slain by an adder (4 damage)
             ... on level 2 of the Dungeon.
             The game lasted 00:00:29 (915 turns).

kae the Slasher (Demonspawn Abyssal Knight)          Turns: 915, Time: 00:00:30

Health: -3/24      AC:  3    Str: 12    XL:     2   Next: 96%
Magic:  3/3        EV: 11    Int: 13    God:    Lugonu [*.....]
Gold:   28         SH:  4    Dex: 12    Spells: 1/1 levels left

rFire    . . .     SeeInvis .   a - +2 falchion
rCold    . . .     Faith    .   (no shield)
rNeg     . . .     Spirit   .   b - +0 leather armour
rPois    .         Reflect  .   (no helmet)
rElec    .         Harm     .   (no cloak)
rCorr    .         Rampage  .   (no gloves)
Will     .....                  (no boots)
Stlth    +.........             (no amulet)
HPRegen  0.08/turn              (no ring)
MPRegen  0.08/turn              (no ring)

@: lethally poisoned (-3 -> -4)
A: condensation shield
a: Renounce Religion, Depart the Abyss


You were on level 2 of the Dungeon.
You worshipped Lugonu.
Lugonu was aware of your devotion.
You visited 1 branch of the dungeon, and saw 2 of its levels.
You visited the Abyss 1 time.

You collected 28 gold pieces.

Inventory:

Hand Weapons
 a - a +2 falchion (weapon)
Armour
 b - a +0 leather armour (worn)
Jewellery
 c - a +6 ring of dexterity


   Skills:
 - Level 3.0 Fighting
 + Level 3.2 Long Blades
 - Level 1.7 Armour
 - Level 0.8 Dodging
 - Level 2.4 Invocations


You had one spell level left.
You didn't know any spells.
Your spell library was empty.

Dungeon Overview and Level Annotations

Branches:
Dungeon (2/15)

Altars:


Innate Abilities, Weirdness & Mutations

A meltable shield of frost defends you. (SH +4)


Message History

The rat barely misses you.
You riposte.
You closely miss the rat. The endoplasm freezes you.
You are frozen.
A jackal comes into view.
The rat barely misses you.
The jackal barks!
You hit the endoplasm.
The endoplasm is almost dead.
The endoplasm hits you.
You are too injured to fight recklessly!
You are too injured to fight recklessly!
You are too injured to fight recklessly!
You hit the endoplasm.
You kill the endoplasm!
Lugonu accepts your kill. The adder closely misses you.
You are too injured to fight recklessly!
You are too injured to fight recklessly!
You closely miss the adder. The adder barely misses you.
You are too injured to fight recklessly!
You are too injured to fight recklessly!
You closely miss the adder. The adder bites you. x2
You hit the adder.
The adder is lightly wounded.
A jackal comes into view. x2
The adder bites you.
* * * LOW HITPOINT WARNING * * *
You miss the adder.
The jackal barks!
The adder bites you.
* * * LOW HITPOINT WARNING * * *
You are lethally poisoned!
The adder poisons you! The adder barely misses you.
You riposte.
You miss the adder. You completely miss the adder.
* * * LOW HITPOINT WARNING * * *
You feel sick.
The jackal barks!
The adder bites you.
You die...

.#........ #....
.[. .........
....hh...
......#.#
##......#
......hr# #S# #@#
#.# #.# #.# #.#
#.# #.#
################.#
.................#


You could see an adder, 3 jackals and a rat.

Vanquished Creatures
  A ball python (D:1)
  2 bats (D:1)
  3 endoplasms
  A giant cockroach (D:2)
  5 goblins (D:1)
  A hobgoblin (D:1)
  3 kobolds
  4 quokkas (D:1)
  2 frilled lizards (D:1)
  A rat (D:1)
23 creatures vanquished.

Notes
Turn   | Place    | Note
-------+----------+-------------------------------------------
     0 | Abyss:1  | kae the Demonspawn Abyssal Knight began the quest for the
                  | Orb.
     0 | Abyss:1  | Reached XP level 1. HP: 18/18 MP: 2/2
     9 | Abyss:1  | Found a hide-covered altar of Uskayaw.
    28 | Abyss:1  | Noticed a starcursed mass
    33 | D:1      | Escaped the Abyss
   304 | D:1      | Gained mutation: A meltable shield of frost defends you.
                  | (SH +4) [demonic ancestry]
   304 | D:1      | Reached XP level 2. HP: 24/24 MP: 3/3
   416 | D:1      | Reached * piety under Lugonu
   915 | D:2      | HP: 1/24 [poisoned by an adder]
   915 | D:2      | Slain by an adder

Illustrated notes

Levels and vault maps discovered:
D:1:      psy_arrival_fountain, layout_rooms
D:2:      layout_basic, kennysheep_minor_cross, minmay_misc_feat_secret_circle

Skill      XL: |  1  2 |
---------------+-------+-----
Long Blades    | 2 3 |  3.2
Fighting       | |  3.0
Armour         | |  1.7
Dodging        | |  0.8
Invocations    | |  2.4

Action                   || total
-------------------------++-------
Melee: Falchion          ||    59
Invok: Depart the Abyss  ||     1
  Use: Scroll            ||     2
Armor: Leather armour    ||    10
Dodge: Dodged            ||    37
Block: Other             ||    10
       Rpst.: Falchion   ||    11

Table legend: (Time is in decaauts)
 A = Elapsed time spent in this place.
 B = Non-inter-level travel time spent in this place.
 C = Inter-level travel time spent in this place.
 D = Time resting spent in this place.
 E = Time spent auto-exploring this place.
 F = Levels seen in this place.
 G = Mean time per level.
                   A        B        C        D        E       F      G
               +--------+--------+--------+--------+--------+-----+--------+
         Total |    923 |    904 |     19 |      0 |    758 |   3 |  307.7 |
       Dungeon |    890 |    871 |     19 |      0 |    730 |   2 |  445.0 |
         Abyss |     33 |     33 |      0 |      0 |     28 |   1 |   33.0 |
               +--------+--------+--------+--------+--------+-----+--------+

Top non-repeatable levels by time:
     D:1: 837 daAuts
     D:2: 52 daAuts
 Abyss:1: 33 daAuts
